[Event "Team 45 45 League T39"]
[Site "Internet Chess Club"]
[Date "2008.12.15"]
[Round "8"]
[White "BenBoiss"]
[Black "Burning-Bush"]
[Result "1-0"]
[WhiteElo "1833"]
[BlackElo "2067"]
[Opening "Benoni defense"]
[ECO "A60"]
[Time "22:24:48"]
[TimeControl "2700+45"]

1. d4 Nf6 2. c4 c5 3. d5 e6 4. dxe6 fxe6 5. Nf3 d5 6. Bg5 Be7 7. e3 O-O 8. Nc3
Nc6 9. cxd5 exd5 10. Bb5 d4 11. Qb3+ Kh8 12. Rd1 Qb6 13. Ne2 Qa5+ 14. Kf1 dxe3
15. Bxe3 Ng4 16. Bxc6 bxc6 17. Bd2 Qc7 18. h3 Rb8 19. Qc3 Bf6 20. Qxc5 Be7 21.
Qc1 Ne5 22. Bf4 Bf6 23. Qe3 Re8 24. Nxe5 Bxe5 25. Bxe5 Qf7 26. Bxg7+ Kxg7 27.
Qg3+ Kh8 28. Qxb8 Ba6 29. Rd8 Bxe2+ 30. Kg1 Bh5 31. Rxe8+ Qxe8 32. Qxe8+ Bxe8
33. Kh2 Bf7 34. Rc1 Bd5 35. Rc3 Kg7 36. Ra3 {Black resigns} 1-0

[Event "Team 45 45 League T39"]
[Site "Internet Chess Club"]
[Date "2008.12.14"]
[Round "8"]
[White "PandorasBox"]
[Black "KarloTurk"]
[Result "1-0"]
[WhiteElo "2262"]
[BlackElo "2069"]
[Opening "Semi-Benoni (`blockade variation')"]
[ECO "A44"]
[Time "04:04:52"]
[TimeControl "2700+45"]

1. d4 c5 2. d5 e5 3. e4 d6 4. Bb5+ Bd7 5. Bxd7+ Nxd7 6. Ne2 g6 7. O-O Bg7 8. c4
h5 9. Nbc3 h4 10. h3 f5 11. Qc2 f4 12. Nb5 Ke7 13. Nxf4 exf4 14. Bxf4 Ne5 15.
Bg5+ Bf6 16. Bxf6+ Nxf6 17. f4 Nf7 18. Rae1 a6 19. e5 axb5 20. exf6+ Kf8 21. Re7
Rg8 22. cxb5 Rxa2 23. Rfe1 Ra8 24. Qe4 Rc8 25. Qe6 Nh8 26. Rd7 Qe8 27. Qxd6+
{Black resigns} 1-0

[Event "Team 45 45 League T39"]
[Site "Internet Chess Club"]
[Date "2008.12.14"]
[Round "8"]
[White "vaknight"]
[Black "ErycC"]
[Result "1/2-1/2"]
[WhiteElo "1625"]
[BlackElo "1571"]
[Opening "Bird's opening"]
[ECO "A03"]
[Time "08:22:19"]
[TimeControl "2700+45"]

1. f4 d5 2. Nf3 c5 3. e3 Bg4 4. Be2 Bxf3 5. Bxf3 Nf6 6. Qe2 Qc7 7. Nc3 e6 8. O-O
Nc6 9. b3 Nb4 10. d3 a6 11. a3 Nc6 12. Bb2 Be7 13. g4 O-O-O 14. g5 Nd7 15. Bxd5
exd5 16. Nxd5 Qd6 17. Nxe7+ Qxe7 18. Bxg7 Rhg8 19. Bc3 h6 20. h4 f6 21. Kf2 fxg5
22. hxg5 hxg5 23. f5 Rdf8 24. Ke1 g4 25. Kd2 Qg5 26. Rae1 Rxf5 27. Rxf5 Qxf5 28.
e4 Qg5+ 29. Kd1 g3 30. Qg2 Qg4+ 31. Kc1 Qf4+ 32. Bd2 Qf2 33. Re2 Qd4 34. Kb1 Qg7
35. c3 Nce5 36. Kc2 Qg4 37. Re3 Qf4 38. Re2 Qf3 39. d4 cxd4 40. cxd4 Qxg2 41.
Rxg2 Nf3 42. Kd3 Nxd2 43. Kxd2 Nf6 44. Ke3 Kd7 45. e5 Nd5+ 46. Kf3 Ke6 47. Rxg3
Rxg3+ 48. Kxg3 Ne3 49. Kf3 Nc2 50. Ke4 Nxa3 51. d5+ Ke7 52. Kf5 Nb5 53. Ke4 a5
54. Kd3 b6 55. Kc4 Na7 56. Kd4 Nc8 57. Kc4 Kd7 58. Kb5 Ne7 {Game drawn by mutual
agreement} 1/2-1/2

[Event "Team 45 45 League T39"]
[Site "Internet Chess Club"]
[Date "2008.12.12"]
[Round "8"]
[White "EyeAm"]
[Black "SeniorCitizen"]
[Result "1/2-1/2"]
[WhiteElo "1461"]
[BlackElo "1390"]
[Opening "Sicilian: closed"]
[ECO "B24"]
[Time "14:00:32"]
[TimeControl "2700+45"]

1. e4 c5 2. Nc3 Nc6 3. g3 e5 4. Bg2 Nf6 5. d3 Be7 6. f4 d6 7. Nf3 O-O 8. O-O b6
9. Nd5 Rb8 10. a3 Bb7 11. c4 Nd4 12. fxe5 Nxf3+ 13. Qxf3 Nxd5 14. exd5 dxe5 15.
Bh3 Bc8 16. Bxc8 Rxc8 17. Qe4 Bd6 18. Be3 Qd7 19. Qf5 Qxf5 20. Rxf5 f6 21. b4
Rfd8 22. Kg2 Rd7 23. b5 Re7 24. Rd1 Kf7 25. h4 Kg8 26. g4 Rf7 27. Rf2 Rcf8 28.
Rdf1 Be7 29. Kh3 g5 30. h5 h6 31. Kg2 Bd6 32. Rf5 Kg7 33. R1f2 Ra8 34. a4 a5 35.
Rd2 {Game drawn by mutual agreement} 1/2-1/2

[Event "Team 45 45 League T39"]
[Site "Internet Chess Club"]
[Date "2008.12.14"]
[Round "8"]
[White "gaboonzoom"]
[Black "guyd52"]
[Result "1-0"]
[WhiteElo "1509"]
[BlackElo "1277"]
[Opening "Pirc: classical (two knights) system"]
[ECO "B08"]
[Time "18:01:23"]
[TimeControl "2700+45"]

1. e4 d6 2. d4 Nf6 3. Nc3 g6 4. Nf3 Bg7 5. Bc4 O-O 6. O-O Nbd7 7. Bf4 Re8 8. Qd2
e5 9. Bh6 exd4 10. Nxd4 Nxe4 11. Qf4 Qf6 12. Qxf6 Bxf6 13. Ndb5 Bd8 14. Rfe1
Ndf6 15. Nxe4 Rxe4 16. Rxe4 Nxe4 17. Re1 Bf5 18. f3 Nf6 19. g4 c6 20. Nxd6 Bb6+
21. Kg2 Be6 22. Bxe6 fxe6 23. Rxe6 Nd5 24. c4 Nc7 25. Rf6 Bc5 26. Nxb7 Bd4 27.
Rxc6 Re8 28. Rxc7 Re2+ 29. Kg3 Be5+ 30. Bf4 Bxc7 31. Bxc7 Rxb2 32. Na5 Rxa2 33.
c5 Rd2 34. Bb8 Rd7 35. c6 Rd5 36. c7 Rc5 37. Nb3 Rc3 38. Nd4 a6 39. h4 Kf7 40.
Kf4 Kf6 41. g5+ Ke7 42. Ke5 Rc5+ 43. Ke4 Kd7 44. f4 Rc4 45. Ke5 Ke7 46. Kd5
{Black resigns} 1-0

[Event "Team 45 45 League T39"]
[Site "Internet Chess Club"]
[Date "2008.12.10"]
[Round "8"]
[White "wekabird"]
[Black "chips"]
[Result "0-1"]
[WhiteElo "1194"]
[BlackElo "1252"]
[Opening "English opening"]
[ECO "A10"]
[Time "18:00:11"]
[TimeControl "2700+45"]

1. c4 g5 2. Nc3 h6 3. e4 Bg7 4. Rb1 d6 5. d3 Bxc3+ 6. bxc3 e5 7. Be2 b6 8. Bg4
Bxg4 9. Qxg4 Qd7 10. Qxd7+ Nxd7 11. Ne2 Nc5 12. Kd2 Nf6 13. Ba3 Ncd7 14. f3 c5
15. Ng3 O-O-O 16. Nf5 Kc7 17. Ke2 Nh5 18. Bc1 Kc6 19. g4 Nf4+ 20. Bxf4 exf4 21.
Ne7+ Kb7 22. Nd5 Ne5 23. a4 Nd7 24. a5 h5 25. axb6 Nxb6 26. gxh5 Rxh5 27. Nf6
Rh3 28. Kf2 Rdh8 29. Ng4 Kc6 30. Ra1 Ra8 31. e5 a5 32. exd6 Kxd6 33. Rhe1 f5 34.
Nf6 Rxh2+ 35. Kg1 Rhh8 36. Re2 Rhf8 37. Nd5 Nxd5 38. cxd5 Kxd5 39. c4+ Kd6 40.
Rae1 Rf6 41. Re5 a4 42. Rd5+ Kc6 43. Ra1 g4 44. fxg4 fxg4 45. Re5 g3 46. Ree1 f3
47. Reb1 Re6 48. Rb2 Ra6 49. Rba2 Re3 50. Ra3 Re2 51. Rf1 Re3 52. Raa1 Rxd3 53.
Rab1 Ra8 54. Rbe1 f2+ 55. Rxf2 gxf2+ 56. Kxf2 a3 57. Re6+ Kd7 58. Rf6 Rd6 59.
Rf7+ Kc6 60. Ke3 a2 61. Rf1 a1=Q {White resigns} 0-1

[Event "Team 45 45 League T39"]
[Site "Internet Chess Club"]
[Date "2008.12.11"]
[Round "8"]
[White "Glassywoman"]
[Black "GolfSuper"]
[Result "1-0"]
[WhiteElo "1456"]
[BlackElo "1555"]
[Opening "Sicilian defense"]
[ECO "B20"]
[Time "19:00:13"]
[TimeControl "2700+45"]

1. e4 c5 2. Bc4 e6 3. b3 a6 4. a4 d5 5. exd5 exd5 6. Be2 Nf6 7. Bb2 Bd6 8. Nf3
Be6 9. Ng5 Bf5 10. O-O Qc7 11. Bxf6 gxf6 12. Nf3 Rg8 13. g3 Nd7 14. Nc3 Qc6 15.
Re1 O-O-O 16. Nh4 Be6 17. Bf3 Ne5 18. Bg2 Bc7 19. Ne2 Qd6 20. Nf4 Bg4 21. f3 Bd7
22. Kh1 Kb8 23. Nxd5 Qxd5 24. f4 Qe6 25. fxe5 Bxe5 26. Nf3 Bc6 27. c3 Qd6 28.
Kg1 Bxf3 29. Qxf3 Qc6 30. Qxc6 bxc6 31. Bxc6 Rxd2 32. Rad1 Bxc3 33. Rxd2 Bxd2
34. Rd1 Rd8 35. Kf1 Kc7 36. Be4 h6 37. Ke2 Re8 38. Kf3 Bb4 39. Rf1 a5 40. Bd5
Re7 41. Kg4 h5+ 42. Kh4 Bc3 43. Rf5 Re5 44. Rxe5 fxe5 45. Bxf7 e4 46. Bxh5 e3
47. Kh3 Kd6 48. Kg2 Ke5 49. Kf3 Bd4 50. g4 Kf6 51. h4 Ke5 52. g5 Kf5 53. g6 Kf6
54. Ke2 Kg7 55. Kf3 Kh6 56. Bg4 Kxg6 57. Ke4 Kf6 58. Kd5 Ke7 59. Kc6 Kf6 60. Kb5
Ke5 61. Kxa5 Kf4 62. Be2 Kg3 63. h5 Kf2 64. Bg4 e2 65. Bxe2 Kxe2 66. Kb5 Kd2 67.
Kc4 Ke3 68. a5 {Black resigns} 1-0

[Event "Team 45 45 League T39"]
[Site "Internet Chess Club"]
[Date "2008.12.14"]
[Round "8"]
[White "curtintime"]
[Black "ticopatzer"]
[Result "1-0"]
[WhiteElo "1317"]
[BlackElo "1463"]
[Opening "Ruy Lopez: Exchange variation doubly deferred (DERLD)"]
[ECO "C85"]
[Time "17:06:49"]
[TimeControl "2700+45"]

1. e4 e5 2. Nf3 Nc6 3. Bb5 a6 4. Ba4 Nf6 5. O-O Be7 6. Bxc6 dxc6 7. d3 Qd6 8.
Nbd2 b5 9. Nb3 Be6 10. h3 c5 11. Be3 Nd7 12. a3 c4 13. Nc1 Qc6 14. Ng5 Bxg5 15.
Bxg5 f6 16. Be3 Rd8 17. Qh5+ Bf7 18. Qg4 Bg6 19. f4 Rg8 20. f5 Bf7 21. b3 cxd3
22. cxd3 Qc3 23. Rb1 Nc5 24. Ne2 Qxd3 25. Bxc5 Bxb3 26. Qf3 Bc4 27. Qxd3 Bxd3
28. Rb2 Bxe4 29. Nc3 Bc6 30. Rd1 Rxd1+ 31. Nxd1 Be4 32. Ne3 g6 33. fxg6 hxg6 34.
Re2 f5 35. Rd2 Rg7 36. Nd5 Bxd5 37. Rxd5 e4 38. Re5+ Kd7 39. Kf2 Rf7 40. Ke3 Rf6
41. Kf4 Rc6 42. h4 Re6 43. Rxe6 Kxe6 44. Kg5 Kd5 45. Bb4 c5 46. Bd2 Ke5 47. Kxg6
f4 48. h5 e3 49. Be1 Ke4 50. h6 f3 51. gxf3+ Kxf3 52. h7 Ke2 53. Bh4 {Black
resigns} 1-0

[Event "Team 45 45 League T39"]
[Site "Internet Chess Club"]
[Date "2008.12.13"]
[Round "8"]
[White "albacore"]
[Black "BosqueVerde"]
[Result "1-0"]
[WhiteElo "1362"]
[BlackElo "1274"]
[Opening "Queen's pawn game, Krause variation"]
[ECO "D02"]
[Time "12:00:36"]
[TimeControl "2700+45"]

1. d4 d5 2. Nf3 c5 3. e3 Nc6 4. dxc5 e5 5. Bb5 a6 6. Bxc6+ bxc6 7. Nxe5 Qa5+ 8.
Nc3 Qxc5 9. O-O Be6 10. Nd3 Qa7 11. Re1 Nf6 12. e4 d4 13. Na4 Be7 14. Bg5 O-O
15. e5 Ng4 16. Bxe7 Qxe7 17. Nac5 Bf5 18. Ne4 Bxe4 19. Rxe4 h5 20. h3 Nh6 21.
Qxh5 c5 22. Rae1 Rab8 23. e6 f5 24. Rf4 c4 25. Ne5 Qxe6 26. Re2 Rxb2 27. Ng6
Rb1+ 28. Kh2 Ng4+ 29. hxg4 Qxe2 30. Qh8+ Kf7 31. Qxf8+ Kxg6 32. Qxf5+ Kh6 33.
Qh5# {Black checkmated} 1-0

[Event "Team 45 45 League T39"]
[Site "Internet Chess Club"]
[Date "2008.12.14"]
[Round "8"]
[White "rookmaster23"]
[Black "Kalar-Yadwa"]
[Result "1-0"]
[WhiteElo "1338"]
[BlackElo "1335"]
[Opening "QGD semi-Slav"]
[ECO "D43"]
[Time "14:15:09"]
[TimeControl "2700+45"]

1. d4 d5 2. c4 c6 3. Nc3 Nf6 4. Nf3 e6 5. Bg5 h6 6. Bxf6 Qxf6 7. e3 Bb4 8. Qb3
a5 9. c5 Bxc3+ 10. Qxc3 Nd7 11. Bd3 O-O 12. O-O b5 13. a3 Qd8 14. b4 a4 15. Ne5
Nxe5 16. dxe5 f6 17. f4 f5 18. Rad1 Qe7 19. g3 Bd7 20. h4 h5 21. Rd2 g6 22. Rfd1
Rf7 23. Qd4 Rb8 24. e4 fxe4 25. Bxe4 Rg7 26. Qd3 Qf7 27. Kh2 Rd8 28. Bf3 Qf5 29.
Qe2 Kh8 30. Bg2 Qf7 31. Rf1 Re8 32. g4 Qe7 33. Qf2 Rf8 34. Bh3 Rh7 35. Rg1 Rhf7
36. Qg3 Rxf4 37. Rdg2 Rf3 38. Qe1 R8f4 39. gxh5 Rxh4 40. Rg3 Rhf4 41. Rxf3 Rxf3
42. Rxg6 {Black forfeits on time} 1-0